 Dungeon Crawl Stone Soup version 0.24.1 (webtiles) character file.

Game seed: 5223070596128527018, levelgen mode: deterministic

91 nightchill the Stinger (level 4, -6/27 HPs)
             Began as a Gargoyle Venom Mage on Mar 29, 2020.
             Mangled by Menkaure (8 damage)
             ... on level 4 of the Dungeon.
             The game lasted 00:05:55 (3350 turns).

nightchill the Stinger (Gargoyle Venom Mage)        Turns: 3350, Time: 00:05:56

Health: -6/27      AC:  5    Str: 13    XL:     4   Next: 59%
Magic:  7/7        EV: 12    Int: 15    God:
Gold:   177        SH:  0    Dex: 10    Spells: 0/7 levels left

rFire    . . .     SeeInvis .   k - +2 dagger (venom)
rCold    . . .     Gourm    .   (no shield)
rNeg     + . .     Faith    .   a - +0 robe
rPois    ∞         Spirit   .   (no helmet)
rElec    +         Reflect  .   (no cloak)
rCorr    .         Harm     .   (no gloves)
MR       .....                  (no boots)
Stlth    ++........             (no amulet)
HPRegen  0.09/turn              (no ring)
MPRegen  0.10/turn              (no ring)

@: no status effects
A: negative energy resistance 1, electricity resistance, unbreathing,
petrification resistance, rot immunity, AC +3
a: no special abilities


You were on level 4 of the Dungeon.
You were very hungry.

You visited 1 branch of the dungeon, and saw 4 of its levels.

You collected 177 gold pieces.

Inventory:

Hand Weapons
 e - a +0 club
 k - a +2 dagger of venom (weapon)
Missiles
 b - 122 stones (quivered)
Armour
 a - a +0 robe (worn)
Scrolls
 d - a scroll of identify {unknown}
 f - 3 scrolls of magic mapping {unknown}
 j - 3 scrolls of enchant armour {unknown}
 l - 4 scrolls of random uselessness {unknown}
 n - 2 scrolls of remove curse {unknown}
 p - a scroll of fear {unknown}
 q - a scroll of blinking {unknown}
 r - 2 scrolls of teleportation {unknown}
Potions
 g - a potion of invisibility {unknown}
 h - 2 potions of curing {unknown}
 i - a potion of lignification {unknown}
 m - a potion of might {unknown}
 s - a potion of heal wounds {unknown}
Comestibles
 c - 5 rations


   Skills:
 + Level 2.3 Fighting
 - Level 1.5 Dodging
 - Level 2.1 Stealth
 - Level 2.0 Spellcasting
 - Level 1.1 Conjurations
 * Level 4.6 Poison Magic


You couldn't memorise any spells.
You knew the following spells:

 Your Spells              Type           Power        Failure   Level  Hunger
a - Sting                 Conj/Pois      ##..         7%          1    #......
b - Poisonous Vapours     Pois/Air       #.....       13%         2    ###....
c - Olgreb's Toxic Radia  Pois           ###.....     32%         4    #####..

Your spell library contained the following spells:

 Spells                   Type           Power        Failure   Level  Hunger
 Mephitic Cloud           Conj/Pois/Air  #.......     30%         3    ###....
 Venom Bolt               Conj/Pois      ##........   88%         5    ######.


Dungeon Overview and Level Annotations

Branches:
Dungeon (4/15)
 Temple: D:4-7

Altars:
Fedhas
Gozag
Hepliaklqana
Nemelex Xobeh

Shops:
D:3 *

Annotations:
D:4 Menkaure


Innate Abilities, Weirdness & Mutations

You are resistant to torment.
Your stone body is resilient. (AC +3)
You are immune to poison.
You resist negative energy. (rN+)
You are resistant to electric shocks. (rElec)
You can survive without breathing.
You are immune to petrification.
You are immune to rotting.


Message History

Your body is wracked with pain!
Menkaure hits you!
Ouch! That really hurt!
* * * LOW HITPOINT WARNING * * *
You barely miss Menkaure.
Menkaure is lightly damaged.
Menkaure misses you.
You hit Menkaure but do no damage.
Menkaure is lightly damaged.
Menkaure closely misses you.
You hit Menkaure.
Menkaure is lightly damaged.
Menkaure closely misses you.
You hit Menkaure.
Menkaure is moderately damaged.
Menkaure closely misses you.
You hit Menkaure.
Menkaure is moderately damaged.
Menkaure breathes soot at you. Menkaure barely misses you. Menkaure hits you!
You die...

### #<# #.# ######
####.#####....#
#.......##....#
###.......##.@M.#
..........##....#
>...........'....#
.####...)#.##.$..#
#........#....#
#........#....#
#...............
#........##..####
.......#.## #.#


You could see Menkaure.

Vanquished Creatures
  4 adders (D:2)
  A worm (D:2)
  3 dart slugs
  A leopard gecko (D:3)
  An orc (D:3)
  4 bats
  4 giant cockroaches
  3 goblins
  5 hobgoblins
  4 jackals (D:2)
  3 kobolds
  2 ball pythons (D:2)
  2 frilled lizards
  5 rats
42 creatures vanquished.

Notes
Turn   | Place    | Note
-------+----------+-------------------------------------------
     0 | D:1      | nightchill the Gargoyle Venom Mage began the quest for the
                  | Orb.
     0 | D:1      | Reached XP level 1. HP: 10/10 MP: 3/3
   305 | D:1      | Reached XP level 2. HP: 16/16 MP: 0/5
   354 | D:1      | Learned a level 2 spell: Poisonous Vapours
   515 | D:1      | Reached skill level 1 in Fighting
   663 | D:1      | Found a sparkling altar of Nemelex Xobeh.
  1235 | D:2      | Reached XP level 3. HP: 14/20 MP: 2/6
  1345 | D:2      | Reached skill level 4 in Poison Magic
  1872 | D:2      | Reached XP level 4. HP: 25/26 MP: 7/7
  1983 | D:2      | Learned a level 4 spell: Olgreb's Toxic Radiance
  2591 | D:3      | Found a hazy altar of Hepliaklqana.
  2875 | D:3      | Found an opulent altar of Gozag.
  2878 | D:3      | Found Gozag's Platinum Reserve.
  2935 | D:3      | Found a blossoming altar of Fedhas.
  3338 | D:4      | Noticed Menkaure
  3345 | D:4      | HP: 1/27 [Menkaure (15)]
  3350 | D:4      | Mangled by Menkaure

Levels and vault maps discovered:
D:1:      dpeg_arrival_castle, layout_basic, corexii_leaking_fountain,
          nemelex_xobeh_ov_fountains_minmay
D:2:      layout_basic, minmay_close_crescents
D:3:      layout_basic, lemuel_crystal_altar, nicolae_gozag_zags_fifth_avenue,
          first_ration, fedhas_altar_2
D:4:      layout_basic, elyvilon_altar_3, kennysheep_mini,
          minmay_temple_entry_trees, serial_shops, shop, shop, uniq_edmund,
          uniq_menkaure, uniq_blork_the_orc

Skill      XL: |  1  2  3 |
---------------+----------+-----
Fighting       | 1 2 |  2.3
Poison Magic   | 4 |  4.6
Dodging        | |  1.5
Stealth        | |  2.1
Spellcasting   | |  2.0
Conjurations   | |  1.1

Action                   |  1- 3 |  4- 6 || total
-------------------------+-------+-------++-------
Melee: Unarmed           |    12 |       ||    12
       Club              |    60 |       ||    60
       Dagger            |    10 |    61 ||    71
 Cast: Sting             |    18 |       ||    18
       Poisonous Vapours |     1 |       ||     1
 Stab: Sleeping          |     3 |     3 ||     6
  Eat: Chunk             |     3 |     4 ||     7
Armor: Robe              |    24 |    17 ||    41
Dodge: Dodged            |    75 |    36 ||   111
